 Dungeon Crawl Stone Soup version 0.31-a0-740-g87205ac768 (webtiles) character file.

Game seed: 14620238781991261316

31517 tilp the Covert (level 13, -1/104 HPs)
             Began as a Vampire Enchanter on Sept 12, 2023.
             Was an Elder of Wu Jian.
             Slain by a six-headed hydra (3 damage)
             ... on level 3 of the Lair of Beasts.
             The game lasted 00:27:27 (16948 turns).

tilp the Covert (Vampire Enchanter)                Turns: 16948, Time: 00:27:27

Health: -1/104     AC:  9    Str:  7    XL:     13   Next: 26%
Magic:  24/24      EV: 16    Int: 27    God:    Wu Jian [****..]
Gold:   1138       SH:  4    Dex: 16    Spells: 15/26 levels left

rFire   . . .        a - +7 dagger (flame)
rCold   . . .        p - +0 buckler
rNeg    + . .        y - +1 leather armour {rPois}
rPois   +            J - +0 helmet
rElec   .            w - +1 cloak
rCorr   .            z - +1 pair of gloves
SInv    +            (no boots)
Will    +....        (no amulet)
Stlth   +++++        F - ring of positive energy
HPRegen 0.57/turn    G - +6 ring of intelligence
MPRegen 0.19/turn

%: no passive effects
@: healing quickly, studying 2 skills
A: alive, fangs 3, see invisible, vampiric 2
a: Exsanguinate, Renounce Religion, Wall Jump, Serpent's Lash


You were on level 3 of the Lair of Beasts.
You worshipped Wu Jian.
Wu Jian was greatly pleased with you.
You visited 3 branches of the dungeon, and saw 15 of its levels.
You also visited: Ice Cave.

You collected 1451 gold pieces.
You spent 313 gold pieces at shops.

Inventory:

Hand Weapons
 a - a +7 dagger of flaming (weapon)
 b - a +2 short sword of flaming
 E - a +1 heavy dagger
Missiles
 A - 5 curare-tipped darts
 D - 5 boomerangs (quivered)
 I - 7 darts of dispersal
 R - 8 javelins
 V - 9 poisoned darts
Armour
 f - a +1 kite shield of cold resistance
 p - a +0 buckler (worn)
 w - a +1 cloak (worn)
 y - a +1 leather armour of poison resistance (worn)
 z - a +1 pair of gloves (worn)
 C - the +0 buckler "Teis" {rElec rPois Will- Slay+5}
   (You bought it in a shop on level 7 of the Dungeon)

   Slay+5:    It affects your accuracy & damage with ranged weapons and melee
   (+5).
   rElec:     It insulates you from electricity.
   rPois:     It protects you from poison Will-: It decreases your willpower.
 J - a +0 helmet (worn)
 P - a +2 ring mail of willpower
Jewellery
 o - an amulet of faith
 x - a ring of ice
 F - a ring of positive energy (left hand)
 G - a +6 ring of intelligence (right hand)
 M - the amulet "Vuddui" {Spirit rF- MP+9 Stlth+}
   (You found it in an ice cave)

   [amulet of guardian spirit]

   Spirit:    It causes incoming damage to be divided between your reserves of
   health and magic.
   rF-:       It makes you vulnerable to fire.
   MP+9:      It affects your magic capacity (+9).
   Stlth+:    It makes you more stealthy.
 Q - a ring of poison resistance
 X - a ring of protection from fire
Wands
 e - a wand of polymorph (10)
 r - a wand of mindburst (17)
 K - a wand of light (1)
 U - a wand of roots (3)
Scrolls
 h - 4 scrolls of amnesia
 i - 4 scrolls of teleportation
 n - a scroll of poison
 t - 3 scrolls of immolation
 u - 3 scrolls of blinking
 N - a scroll of vulnerability
 T - a scroll of torment
Potions
 c - 4 potions of invisibility
 d - 2 potions of magic
 g - 4 potions of lignification
 j - 4 potions of curing
 k - a potion of haste
 l - a potion of ambrosia
 m - 2 potions of resistance
 q - 3 potions of enlightenment
 s - 2 potions of heal wounds
 v - 2 potions of might
 B - a potion of berserk rage
 L - a potion of mutation {unknown}
 O - a potion of attraction {unknown}
Miscellaneous
 H - a lightning rod (4/4)


   Skills:
 * Level 10.4 Fighting
 - Level 10.0 Short Blades
 * Level 2.6 Armour
 + Level 10.7 Dodging
 + Level 12.6 Stealth
 + Level 7.4 Spellcasting
 * Level 3.3 Conjurations
 + Level 12.5 Hexes
 - Level 4.0 Ice Magic
 * Level 5.1 Evocations


You had 15 spell levels left.
You knew the following spells:

 Your Spells              Type           Power      Damage    Failure   Level
a - Ensorcelled Hibernat  Hex/Ice        100%       N/A       1%          2
b - Confusing Touch       Hex            67%        N/A       1%          3
c - Tukima's Dance        Hex            67%        N/A       1%          3
d - Dazzling Flash        Conj/Hex       100%       N/A       1%          3

Your spell library contained the following spells:

 Spells                   Type           Power      Damage    Failure   Level
 Slow                     Hex            100%       N/A       1%          1
 Sigil of Binding         Hex            67%        N/A       1%          3
 Summon Guardian Golem    Hex/Summ       43%        N/A       3%          3
 Summon Small Mammal      Summ           36%        N/A       14%         1
 Passwall                 Tmut/Erth      7%         N/A       22%         2
 Wereblood                Tmut           9%         N/A       22%         2
 Silence                  Hex/Air        21%        N/A       30%         5
 Call Canine Familiar     Summ           9%         N/A       38%         3
 Swiftness                Air            9%         N/A       38%         3
 Vampiric Draining        Necr           9%         2d6       38%         3
 Irradiate                Conj/Tmut      9%         3d14      89%         5
 Agony                    Necr           9%         N/A       98%         5
 Orb of Destruction       Conj           14%        9d7       100%        7
 Spellforged Servitor     Conj/Summ      9%         N/A       100%        7


Dungeon Overview and Level Annotations

Branches:
Dungeon (11/15)            Temple (1/1) D:4            Lair (3/5) D:9
 Shoals (0/4) Lair:2        IceCv (visited)
  Snake: Lair:2-3    Spider: Lair:2-3       Orc: D:9-12

Altars:
Ashenzari
Cheibriados
Dithmenos
Fedhas
Gozag
Hepliaklqana
Kikubaaqudgha
Makhleb
Nemelex Xobeh
Okawaru
Qazlal
Ru
Sif Muna
Trog
Uskayaw
Vehumet
Wu Jian
Xom
Yredelemnul

Shops:
D:7 [

Annotations:
D:3 exclusion: orc wizard
D:11 cato!


Innate Abilities, Weirdness & Mutations

Your natural rate of healing is accelerated.
You have razor-sharp teeth.
You have supernaturally acute eyesight. (SInv)
You are afflicted with vampirism and can become a bat while bloodless.


Message History

The spriggan shouts!
The komodo dragon hisses angrily.
The six-headed hydra roars!
The six-headed hydra bites you! The six-headed hydra bites you.
The six-headed hydra closely misses you.
The six-headed hydra bites you. The six-headed hydra bites you! x2
The spriggan hits you with a +0 rapier!
You puncture the six-headed hydra! You burn the six-headed hydra.
The six-headed hydra is lightly wounded.
The six-headed hydra bites you. The six-headed hydra bites you!
* * * LOW HITPOINT WARNING * * *
The six-headed hydra bites you.
* * * LOW HITPOINT WARNING * * *
The six-headed hydra bites you.
* * * LOW HITPOINT WARNING * * *
The six-headed hydra bites you.
* * * LOW HITPOINT WARNING * * *
The six-headed hydra closely misses you.
The komodo dragon closely misses you.
You spin and attack the komodo dragon repeatedly.
You hit the komodo dragon. You burn the komodo dragon.
The komodo dragon is lightly wounded.
You closely miss the komodo dragon.
You bite the komodo dragon, but do no damage.
The komodo dragon is lightly wounded.
The komodo dragon bites you.
* * * LOW HITPOINT WARNING * * *
You block the spriggan's attack.
There is an open door here.
You puncture the bush! You burn the bush. You bite the bush, but do no damage.
The bush is lightly damaged.
The komodo dragon bites you.
* * * LOW HITPOINT WARNING * * *
The six-headed hydra bites you!
* * * LOW HITPOINT WARNING * * *
The six-headed hydra bites you.
* * * LOW HITPOINT WARNING * * *
The six-headed hydra bites you.
* * * LOW HITPOINT WARNING * * *
The six-headed hydra barely misses you. The six-headed hydra bites you.
You die...

... ......^.....
....♣♣....♣......
..P........♣.... ~~
.P.P.......P♣.♣ ## ~~ ~
♣P......P.P..P♣♣♣#.##.#~
♣...............###....#
.......P.........###...#
P.....P......PP...#..P.#
P...##@##.............P .
#ilD#.............. .
#.[.#.....P..P#....
...#[.[#........###..#
..P....#####........#.#..#
♣..P...P.................#
P..P..............##....##
#.♣................##...#
.......P.P...P♣..##.###


You could see a six-headed hydra, a komodo dragon and a spriggan.

Vanquished Creatures
  2 azure jellies (IceCv)
  Nessos (Lair:3)
  A hydra (Lair:2)
  2 boulder beetles (D:11)
  A centaur warrior (D:8)
  6 two-headed ogres
  A deep elf pyromancer (D:8)
  A cyclops (D:11)
  An ugly thing (D:11)
  3 black mambas
  A water nymph (Lair:2)
  2 ice statues (IceCv)
  The ghost of NigelTetley the Shooter, a novice DgHu (D:4)
  3 rime drakes
  4 gargoyles
  4 cane toads
  A kobold demonologist (D:11)
  2 polar bears (Lair:1)
  3 trolls
  3 blink frogs (Lair:2)
  8 hornets
  16 slime creatures
  2 basilisks
  2 wyverns (D:9)
  A wraith (D:8)
  12 yaks
  A steam dragon (D:8)
  A warg (D:6)
  An acid dragon (D:10)
  7 water moccasins
  2 orc warriors (D:8)
  2 great orb of eyes simulacra (IceCv)
  2 black bears
  The ghost of KineticRobot the Trooper, an amateur HOFi (D:3)
  7 ice beasts
  3 sky beasts
  An ogre (D:6)
  4 centaurs
  2 phantoms
  3 slime creature simulacra (IceCv)
  2 kobold brigands
  8 bullfrogs
  2 glowing shapeshifter simulacra (IceCv)
  2 gnoll sergeants
  3 scorpions
  7 wights
  14 killer bees
  4 howler monkeys (D:9)
  A jelly (D:8)
  3 orc priests
  2 bullfrog zombies (D:3)
  4 hounds
  4 sleepcaps
  6 iguanas
  4 orc wizards
  2 shapeshifter simulacra (IceCv)
  8 gnolls
  5 adders
  2 shadow imps
  3 white imps
  An ufetubus (D:7)
  A worm (D:3)
  A dart slug (D:1)
  36 orcs
  8 endoplasms
  3 giant cockroaches
  8 hobgoblins
  2 quokkas
  7 ball pythons
  3 bats
  2 frilled lizards
  8 goblins
  4 kobolds
  6 rats
297 creatures vanquished.

Vanquished Creatures (collateral kills)
  Urug (Lair:2)
  A naga (Lair:3)
  An ogre (D:5)
  Blork the orc (D:6)
  4 wights
8 creatures vanquished.

Vanquished Creatures (others)
  A slime creature (IceCv)
  2 dancing weapons
  A quokka (D:8)
4 creatures vanquished.

Grand Total: 309 creatures vanquished

Notes
Turn   | Place    | Note
-------+----------+-------------------------------------------
     0 | D:1      | tilp the Vampire Enchanter began the quest for the Orb.
     0 | D:1      | Reached XP level 1. HP: 13/13 MP: 3/3
   211 | D:1      | Found a faded altar of an unknown god.
   359 | D:1      | Reached XP level 2. HP: 17/20 MP: 5/5
   370 | D:1      | Learned a level 2 spell: Ensorcelled Hibernation
  1158 | D:2      | Reached skill level 1 in Fighting
  1158 | D:2      | Gained mutation: You are afflicted with vampirism and can
                  | become a bat while bloodless. [Vampire growth]
  1158 | D:2      | Reached XP level 3. HP: 26/26 MP: 1/6
  1162 | D:2      | Learned a level 3 spell: Confusing Touch
  1278 | D:2      | Found an opulent altar of Gozag.
  1856 | D:3      | Found a radiant altar of Vehumet.
  1934 | D:3      | Found a shimmering blue altar of Sif Muna.
  2008 | D:3      | Reached XP level 4. HP: 30/32 MP: 7/7
  2256 | D:4      | Found a staircase to the Ecumenical Temple.
  2266 | Temple   | Entered the Ecumenical Temple
  2280 | Temple   | Became a worshipper of the Wu Jian Council
  2390 | D:4      | Found a runed translucent gate.
  2390 | D:4      | Found a runed translucent gate.
  2390 | D:4      | Found a runed translucent gate.
  2392 | D:4      | Found an opulent altar of Gozag.
  2393 | D:4      | Noticed a phantom
  2396 | D:4      | Noticed NigelTetley's ghost (novice DgHu)
  2420 | D:4      | Noticed a +0 hand axe
  2421 | D:4      | Found a hide-covered altar of Uskayaw.
  2422 | D:4      | Noticed a +0 hand axe
  2435 | D:4      | Reached skill level 5 in Stealth
  2435 | D:4      | Reached skill level 5 in Hexes
  2652 | D:4      | Reached XP level 5. HP: 38/38 MP: 8/8
  2662 | D:4      | Learned a level 3 spell: Tukima's Dance
  2975 | D:5      | Entered Level 5 of the Dungeon
  2975 | D:5      | Noticed a black bear
  2975 | D:5      | Noticed an ice beast
  2975 | D:5      | Noticed an ogre
  3033 | D:5      | Reached skill level 1 in Evocations
  3236 | D:5      | Killed an ice beast
  3237 | D:5      | Reached XP level 6. HP: 27/45 MP: 7/10
  3383 | D:5      | Noticed an ice beast
  3396 | D:5      | Killed an ice beast
  3397 | D:5      | Reached XP level 7. HP: 52/52 MP: 6/11
  3535 | D:5      | Learned a level 3 spell: Dazzling Flash
  3739 | D:5      | Found an opulent altar of Gozag.
  4226 | D:6      | Reached * piety under Wu Jian
  4324 | D:6      | Reached skill level 5 in Short Blades
  4324 | D:6      | Reached XP level 8. HP: 60/60 MP: 13/13
  4470 | D:6      | HP: 2/60 [warg (6)]
  4903 | D:6      | Found an iron altar of Okawaru.
  5041 | D:6      | Noticed Blork the orc
  5049 | D:6      | Killed Blork the orc
  5632 | D:7      | Found a shimmering altar of Xom.
  5862 | D:7      | Reached skill level 5 in Fighting
  5907 | D:7      | Reached XP level 9. HP: 59/68 MP: 3/15
  6375 | D:7      | Found Pufost Quwa's Antique Armour Shoppe.
  6399 | D:7      | Reached ** piety under Wu Jian
  6525 | D:7      | Bought a translucent buckler for 313 gold pieces
  6525 | D:7      | Identified the +0 buckler "Teis" {rElec rPois Will- Slay+5}
                  | (You bought it in a shop on level 7 of the Dungeon)
  6627 | D:7      | Noticed a two-headed ogre
  6629 | D:7      | Killed a two-headed ogre
  6676 | D:7      | Found a hazy altar of Hepliaklqana.
  6838 | D:7      | Reached skill level 5 in Spellcasting
  7067 | D:8      | Reached XP level 10. HP: 62/76 MP: 1/17
  7240 | D:8      | Reached skill level 10 in Stealth
  7456 | D:8      | Reached skill level 10 in Short Blades
  7737 | D:8      | Noticed a deep elf pyromancer
  7741 | D:8      | Killed a deep elf pyromancer
  7742 | D:8      | Reached skill level 1 in Conjurations
  7913 | D:7      | Reached skill level 1 in Ice Magic
  8190 | D:8      | Reached *** piety under Wu Jian
  8322 | D:8      | Noticed a two-headed ogre
  8324 | D:8      | Noticed a centaur warrior
  8337 | D:8      | Killed a two-headed ogre
  8338 | D:8      | Reached skill level 5 in Dodging
  8342 | D:8      | Killed a centaur warrior
  9056 | D:3      | Found a runed translucent gate.
  9056 | D:3      | Found a runed translucent gate.
  9056 | D:3      | Found a runed translucent gate.
  9061 | D:3      | Noticed KineticRobot's ghost (amateur HOFi)
  9069 | D:3      | Killed KineticRobot's ghost
  9269 | D:4      | Killed NigelTetley's ghost
  9318 | D:4      | Reached XP level 11. HP: 82/83 MP: 16/19
  9446 | D:9      | Found a staircase to the Lair.
  9657 | D:8      | Reached skill level 10 in Hexes
 10010 | D:9      | Found a basalt altar of Yredelemnul.
 10585 | D:10     | Entered Level 10 of the Dungeon
 10679 | D:10     | Reached **** piety under Wu Jian
 10693 | D:10     | Found a sacrificial altar of Ru.
 10695 | D:10     | Noticed a two-headed ogre
 10700 | D:10     | Killed a two-headed ogre
 11216 | D:10     | Noticed a two-headed ogre
 11224 | D:10     | Killed a two-headed ogre
 11449 | D:11     | Noticed a red ugly thing
 11453 | D:11     | Killed a red ugly thing
 11710 | D:11     | Noticed a boulder beetle
 11717 | D:11     | Killed a boulder beetle
 11796 | D:11     | Noticed a boulder beetle
 11797 | D:11     | Noticed a two-headed ogre
 11805 | D:11     | Killed a boulder beetle
 11806 | D:11     | Reached XP level 12. HP: 93/93 MP: 17/21
 11810 | D:11     | Killed a two-headed ogre
 11887 | D:11     | Noticed a two-headed ogre
 11895 | D:11     | Killed a two-headed ogre
 12126 | D:11     | Noticed a catoblepas
 12126 | D:11     | Found the +6 shillelagh "Devastator" {shatter}
 12630 | Lair:1   | Entered Level 1 of the Lair of Beasts
 12637 | Lair:1   | Found a frozen archway.
 12646 | IceCv    | Entered an ice cave
 14574 | IceCv    | Reached skill level 10 in Dodging
 14610 | IceCv    | Found a viscous altar of Jiyva.
 14610 | IceCv    | Noticed an azure jelly
 14611 | IceCv    | Noticed an azure jelly
 14612 | IceCv    | Killed an azure jelly
 14613 | IceCv    | Reached skill level 10 in Fighting
 14615 | IceCv    | Killed an azure jelly
 14616 | IceCv    | Reached skill level 1 in Armour
 14623 | IceCv    | Identified the amulet "Vuddui" {Spirit rF- MP+9 Stlth+}
 15856 | Lair:2   | Reached XP level 13. HP: 103/103 MP: 23/23
 15887 | Lair:2   | Noticed Urug
 15922 | Lair:2   | Killed Urug
 16365 | Lair:2   | Found a staircase to the Shoals.
 16717 | Lair:3   | Noticed Nessos
 16723 | Lair:3   | Killed Nessos
 16724 | Lair:3   | Reached skill level 5 in Evocations
 16948 | Lair:3   | HP: 2/104 [six-headed hydra (4)]
 16948 | Lair:3   | Slain by a six-headed hydra

Illustrated notes

Levels and vault maps discovered:
D:1:      spicycebolla_arrival_risky_transporter, layout_basic,
          shapermc_ecumenical_altar_ellora, minmay_misc_feat_tower
D:2:      layout_loops_ring, basic_altar, grunt_ministairs_7
D:3:      layout_basic, led_sif_book, nicolae_vehumet_radiance,
          gammafunk_ghost_necromancy, minmay_goblin_kobold_house
D:4:      layout_basic, dancing_weapons_uskayaw,
          minmay_temple_entry_statues_pillars, ebering_ghost_gozag,
          kennysheep_generic_room_8
D:5:      layout_cave_pools, tso_oasis_becter, grunt_gozag_breadcrumbs
D:6:      layout_loops_ring, amcnicky_altar_gilded, uniq_blork_the_orc
D:7:      minmay_polygon_palace, layout_basic, nzn_hepliaklqana_mist_gate,
          mainiacjoe_overflow_brackets, kennysheep_windowed_goal
D:8:      nzn_winding_woodlands_medium [nzn_winding_woodlands_5x5_perimeter,
          nzn_winding_woodlands_5x15_crooked,
          nzn_winding_woodlands_5x5_closed_star,
          nzn_winding_woodlands_5x5_cross,
          nzn_winding_woodlands_center_triple_pond,
          nzn_winding_woodlands_5x5_checkerboard,
          nzn_winding_woodlands_5x5_default,
          nzn_winding_woodlands_5x15_sidewinder,
          nzn_winding_woodlands_hourglass], layout_rooms, elyvilon_altar_4,
          guppyfry_early_elven_hall
D:9:      layout_rooms, mainiacjoe_overflow_catwalk, lair_entry_dummy
D:10:     layout_basic, nicolae_ru_sacrificial_ziggurat
D:11:     minmay_roctagon, layout_basic
Temple:   jpeg_temple_clearing
Lair:1:   layout_hall_layers, portal_ice_cave_entry_pillars_2,
          eino_small_chamber_without_monster, lemuel_fruit_tree
Lair:2:   layout_small_grid, nicolae_shoals_entry_flooding, dreamdust_wasp_nest,
          uniq_urug
Lair:3:   layout_cave_shapes, guppyfry_snake_entry_island,
          grunt_forest_large_clearing_hut, serial_bayou_shore_b, uniq_nessos

Skill      XL: |  1  2  3  4  5  6  7  8  9 10 11 12 13 |
---------------+----------------------------------------+-----
Fighting       | 1 2 3 5 6 8 10 | 10.4
Short Blades   | 2 3 5 6 9 10 | 10.0
Stealth        | 5 6 7 9 10 11 12 | 12.6
Hexes          | 5 6 7 8 9 11 12 | 12.5
Dodging        | 3 4 5 8 10 | 10.7
Evocations     | 1 2 3 4 5 |  5.1
Spellcasting   | 3 4 5 6 7 |  7.4
Conjurations   | 2 3 |  3.3
Ice Magic      | 2 3 4 |  4.0
Armour         | 1 2 |  2.6

Action                     |  1- 3 |  4- 6 |  7- 9 | 10-12 | 13-15 || total
---------------------------+-------+-------+-------+-------+-------++-------
  Melee: Dagger            |    95 |    59 |   237 |   548 |    37 ||   976
         Bite              |    10 |     5 |    29 |    88 |     3 ||   135
         Punch             |     3 |       |       |       |       ||     3
         Short sword       |       |       |       |    18 |       ||    18
  Throw: Stone             |       |       |       |     2 |       ||     2
   Cast: Ensorcelled Hiber |     9 |     6 |    63 |   103 |     8 ||   189
         Confusing Touch   |       |     2 |    14 |    43 |     2 ||    61
         Tukima's Dance    |       |     2 |     2 |    20 |     3 ||    27
         Dazzling Flash    |       |       |     2 |     5 |       ||     7
Ability: Lunge             |       |     4 |    23 |    44 |    10 ||    81
         Whirlwind         |       |       |     3 |    11 |     2 ||    16
  Evoke: Wand              |       |       |     7 |     3 |       ||    10
    Use: Scroll            |     3 |     5 |     5 |    17 |     5 ||    35
         Potion            |       |       |     1 |     3 |       ||     4
   Stab: Sleeping          |    18 |     9 |    41 |    81 |    15 ||   164
         Confused          |       |     4 |    16 |    44 |     2 ||    66
         Invisible         |       |       |     2 |     7 |       ||     9
         Distracted        |       |       |       |     1 |       ||     1
 Armour: Robe              |    32 |    17 |    76 |       |       ||   125
         Leather armour    |       |       |    92 |   238 |    22 ||   352
  Dodge: Dodged            |    47 |    17 |   148 |   186 |    10 ||   408
  Block: Buckler           |       |     6 |    40 |    71 |     6 ||   123

Table legend: (Time is in decaauts)
 A = Elapsed time spent in this place.
 B = Non-inter-level travel time spent in this place.
 C = Inter-level travel time spent in this place.
 D = Time resting spent in this place.
 E = Time spent auto-exploring this place.
 F = Levels seen in this place.
 G = Mean time per level.
                   A        B        C        D        E       F      G
               +--------+--------+--------+--------+--------+-----+--------+
         Total |  16697 |  15881 |    816 |   2779 |  10404 |  16 | 1043.6 |
       Dungeon |  12431 |  11683 |    748 |   1229 |   8559 |  11 | 1130.1 |
        Temple |     28 |      1 |     27 |      0 |      0 |   1 |   28.0 |
          Lair |   2127 |   2086 |     41 |     59 |   1704 |   3 |  709.0 |
      Ice Cave |   2109 |   2109 |      0 |   1491 |    141 |   1 | 2109.0 |
               +--------+--------+--------+--------+--------+-----+--------+

Top non-repeatable levels by time:
   IceCv: 2109 daAuts
     D:8: 1766 daAuts
     D:6: 1507 daAuts
     D:7: 1488 daAuts
    D:11: 1142 daAuts
     D:1: 1097 daAuts
  Lair:2: 1045 daAuts
     D:5: 1041 daAuts
     D:4: 943 daAuts
     D:9: 935 daAuts
    D:10: 853 daAuts
     D:3: 850 daAuts
     D:2: 804 daAuts
  Lair:1: 772 daAuts
  Lair:3: 309 daAuts
